 Dungeon Crawl Stone Soup version 0.21.1-1-g345015fe64 (webtiles) character file.

160 Mrkan the Shield-Bearer (level 5, -2/42 HPs)
             Began as a Formicid Fighter on May 6, 2018.
             Slain by a gnoll
             ... wielding a +0 halberd of venom
              (12 damage)
             ... on level 3 of the Dungeon.
             The game lasted 00:03:05 (1677 turns).

Mrkan the Shield-Bearer (Formicid Fighter)          Turns: 1677, Time: 00:03:06

Health: -2/42      AC:  7    Str: 27    XL:     5   Next: 69%
Magic:  5/5        EV:  8    Int:  7    God:
Gold:   41         SH: 10    Dex: 10    Spells: 4/4 levels left

rFire    . . .     SeeInvis +   a - +0 flail
rCold    . . .     Gourm    .   c - +0 shield
rNeg     . . .     Faith    .   b - +0 scale mail
rPois    .         Spirit   .   (helmet unavailable)
rElec    .         Reflect  .   (no cloak)
rCorr    .         Harm     .   (no gloves)
MR       .....                  (no boots)
Stlth    ..........             (no amulet)
HPRegen  0.14/turn              (no ring)
MPRegen  0.09/turn              (no ring)

@: mighty, lethally poisoned (-2 -> -5)
A: permanent stasis, dig shafts and tunnels, four strong arms, antennae 3
a: Dig, Shaft Self


You were on level 3 of the Dungeon.
You were very hungry.

You visited 1 branch of the dungeon, and saw 3 of its levels.

You collected 41 gold pieces.

Inventory:

Hand Weapons
 a - a +0 flail (weapon)
Armour
 b - a +0 scale mail (worn)
 c - a +0 shield (worn)
Jewellery
 h - a +2 ring of evasion {unknown}
 k - a +4 ring of dexterity {unknown}
 p - an uncursed amulet of guardian spirit {unknown}
Wands
 g - a wand of polymorph (5)
 n - a wand of acid (7)
 r - a wand of flame (25)
Scrolls
 e - 3 scrolls of teleportation {unknown}
 j - a scroll of identify {unknown}
 o - a scroll of fear {unknown}
 q - 2 scrolls of remove curse {unknown}
Potions
 i - a potion of haste {unknown}
 l - a potion of invisibility {unknown}
 m - a potion of brilliance {unknown}
Comestibles
 f - 2 rations


   Skills:
 + Level 4.3 Fighting
 + Level 3.2 Maces & Flails
 + Level 4.3 Armour
 + Level 4.7 Shields


You had 4 spell levels left.
You didn't know any spells.

Dungeon Overview and Level Annotations

Branches:
Dungeon (3/15)

Altars:


Innate Abilities, Weirdness & Mutations

You cannot be hasted, slowed, berserked, paralysed or teleported.
You can dig through walls and to a lower floor.
Your four strong arms can wield two-handed weapons with a shield.
You have a pair of large antennae on your head. (SInv)


Message History

You miss the frilled lizard.
You feel sick.
The hobgoblin hits you but does no damage.
The frilled lizard bites you.
* * * LOW HITPOINT WARNING * * *
The gnoll completely misses you.
You feel very mighty all of a sudden. You block the hobgoblin's attack.
The frilled lizard bites you but does no damage.
You block the gnoll's attack.
You are feeling very hungry.
You sock the hobgoblin!
You kill the hobgoblin!
You feel sick. The frilled lizard bites you.
* * * LOW HITPOINT WARNING * * *
You block the gnoll's attack. x2
You bludgeon the gnoll!!
You kill the gnoll!
The frilled lizard barely misses you.
The gnoll hits you from afar with a halberd of venom!
You die...

#.# #.# ##..(# <.#
#.# .##..$##..# ..#
###..........# #.#
#.. ........#. #.#
#.# ##.⌠......#
#.###.###.....##.##
#.)@lr...⌠...⌠....#
#.####g.........#
## #.#....<...#
...##.......#
###.##.⌠...⌠..w..
#.###.....##### #.#
##.⌠.## #g. ....#
#r# ###.#


You could see a gnoll, a frilled lizard and a rat.

Vanquished Creatures
  Natasha (thrice) (D:2)
  2 gnolls (D:3)
  3 adders (D:2)
  An ooze (D:1)
  A worm (D:2)
  A dart slug (D:3)
  A leopard gecko (D:3)
  A ball python (D:1)
  4 bats
  A giant cockroach (D:1)
  A goblin (D:1)
  A hobgoblin (D:3)
  3 jackals (D:1)
  2 frilled lizards
  7 kobolds
  5 rats
37 creatures vanquished.

Notes
Turn   | Place    | Note
-------+----------+-------------------------------------------
     0 | D:1      | Mrkan the Formicid Fighter began the quest for the Orb.
     0 | D:1      | Reached XP level 1. HP: 18/18 MP: 1/1
   184 | D:1      | Reached XP level 2. HP: 18/24 MP: 2/2
   462 | D:1      | Reached XP level 3. HP: 20/29 MP: 3/3
   927 | D:2      | Noticed Natasha
   938 | D:2      | Killed Natasha
   938 | D:2      | Reached XP level 4. HP: 33/37 MP: 4/4
  1042 | D:2      | Noticed Natasha
  1050 | D:2      | Killed Natasha
  1078 | D:2      | Reached XP level 5. HP: 33/42 MP: 5/5
  1587 | D:2      | Noticed Natasha
  1599 | D:2      | Killed Natasha
  1677 | D:3      | Slain by a gnoll

Skill      XL: |  1  2  3  4  5 |
---------------+----------------+-----
Shields        | 4 |  4.7
Fighting       | 4 |  4.3
Armour         | 4 |  4.3
Maces & Flails | 3 |  3.2

Action                   |  1- 3 |  4- 6 || total
-------------------------+-------+-------++-------
Melee: Flail             |   119 |    55 ||   174
       Unarmed           |       |    12 ||    12
 Abil: Dig               |     2 |       ||     2
  Use: Potion            |       |     1 ||     1
  Eat: Chunk             |     1 |     1 ||     2
Armor: Scale mail        |    63 |    39 ||   102
       Skin              |       |     2 ||     2
Dodge: Dodged            |    48 |    32 ||    80
Block: Shield            |    75 |    48 ||   123
